AoeStats
← DontFuckleWithShuckle

Arabia

510126142Analyzed
1v1 RM · 3d ago on Sep 29, 2026· 48m 44s· 2 players
Game mode
Random Map
Map size
Tiny (2 player)
Population
200
Speed
Normal
Resources
Standard
Victory
Conquest
Starting age
Dark Age
Ending age
Imperial Age
RankedLock teamsTeams togetherTeam positionsShared explorationLock speedFull tech treeHidden civsTurbo modeCheats
Victory
Defeat
🇮🇳 Saracens · India
846
+15
825
-15
DontFuckleWithShuckle
9:32 Loom
12:11 Feudal Age
11:31 Loom
17:17 Bloodlines
22:17 Scale Barding Armor
23:24 Forging
26:35 Double-Bit Axe
26:33 Horse Collar
30:47 Castle Age
32:04 Chain Barding Armor
32:28 Husbandry
38:56 Crossbowman
38:57 Elite Skirmisher
39:35 Fletching
44:03 Bodkin Arrow
DrGameHer
8:44 Loom
11:12 Feudal Age
12:49 Double-Bit Axe
13:17 Horse Collar
16:12 Fletching
23:38 Castle Age
22:22 Padded Archer Armor
24:00 Pikeman
25:10 Crossbowman
27:37 Bow Saw
29:12 Bodkin Arrow
34:45 Leather Archer Armor
34:38 Thumb Ring
36:28 Arson
37:39 Town Watch
40:06 Heavy Plow
41:08 Wheelbarrow
41:49 Ballistics
42:57 Hand Cart
43:25 Town Patrol
46:05 Imperial Age
45:42 Murder Holes
47:16 Conscription
46:34 Arbalester
48:00 Bracer
48:07 Siege Engineers
49:04 Ring Archer Armor
49:36 Chemistry
Connection lost

Rejoining the realm…

Still unreachable

The connection could not be restored.

Session expired

The server has moved on; the page needs a fresh start.